 Dungeon Crawl Stone Soup version 0.26.0-45-g9c1d065592 (webtiles) character file.

Game seed: 3630246107480536574

12017 thiole the Thaumaturge (level 11, -3/68 HPs)
             Began as a Gargoyle Venom Mage on Jan 27, 2021.
             Was an Initiate of Gozag.
             Slain by a polar bear (5 damage)
             ... in an ice cave.
             The game lasted 00:46:09 (14209 turns).

thiole the Thaumaturge (Gargoyle Venom Mage)       Turns: 14209, Time: 00:46:09

Health: -3/68      AC: 12    Str: 11    XL:     11   Next: 86%
Magic:  1/25       EV: 12    Int: 20    God:    Gozag
Gold:   1792       SH:  0    Dex: 16    Spells: 19/31 levels left

rFire    x . .     SeeInvis .   K - +2 long sword
rCold    + . .     Faith    .   (no shield)
rNeg     + . .     Spirit   .   a - +0 robe
rPois    ∞         Reflect  .   (no helmet)
rElec    +         Harm     .   (no cloak)
rCorr    .         Rampage  .   (no gloves)
Will     .....                  r - +0 pair of boots
Stlth    +++.......             (no amulet)
HPRegen  0.21/turn              z - +6 ring of dexterity
MPRegen  0.19/turn              C - ring of ice

@: no status effects
A: negative energy resistance 1, electricity resistance, unbreathing,
petrification resistance, miasma immunity, AC +8
a: Renounce Religion, Potion Petition, Call Merchant, Bribe Branch


You were in an ice cave.
You worshipped Gozag.
Gozag was most pleased with you.
You visited 2 branches of the dungeon, and saw 12 of its levels.
You also visited: Ice Cave.

You collected 1857 gold pieces.
You paid 65 gold pieces to Gozag.

Inventory:

Hand Weapons
 d - a +1 club
 K - a +2 long sword (weapon)
Missiles
 e - 190 stones
Armour
 a - a +0 robe (worn)
 m - a scarf of invisibility
 p - a +2 cloak
 r - a +0 pair of boots (worn)
Magical Staves
 c - an uncursed staff of fire
 I - an uncursed staff of earth
Jewellery
 f - an uncursed ring of resist corrosion
 z - a +6 ring of dexterity (left hand)
 C - a ring of ice (right hand)
 E - a +6 ring of dexterity
Wands
 u - a wand of random effects (49)
 F - a wand of iceblast (1)
Scrolls
 b - 4 scrolls of enchant weapon
 h - 3 scrolls of remove curse
 i - a scroll of enchant armour {unknown}
 j - 2 scrolls of random uselessness {unknown}
 l - 2 scrolls of blinking {unknown}
 n - 2 scrolls of teleportation
 q - 2 scrolls of magic mapping
 w - 5 scrolls of amnesia
 G - a scroll of fog {unknown}
Potions
 k - 2 potions of attraction
 t - a potion of cancellation
 v - a potion of mutation
 A - a potion of brilliance
 J - a potion of flight
Miscellaneous
 s - a phial of floods (inert)


   Skills:
 + Level 8.2 Fighting
 + Level 8.1 Armour
 - Level 1.5 Dodging
 - Level 5.0 Stealth
 * Level 10.5 Spellcasting
 - Level 0.7 Transmutations
 - Level 2.0 Fire Magic
 - Level 9.0 Poison Magic
 + Level 3.5 Evocations


You had 19 spell levels left.
You knew the following spells:

 Your Spells              Type           Power        Failure   Level
a - Sting                 Tmut/Pois      100%         1%          1
b - Olgreb's Toxic Radia  Pois           46%          1%          4
c - Ignite Poison         Fire/Tmut/Pois 26%          4%          3
d - Apportation           Tloc           20%          7%          1
e - Mephitic Cloud        Conj/Pois/Air  22%          6%          3

Your spell library contained the following spells:

 Spells                   Type           Power        Failure   Level
 Poisonous Vapours        Pois/Air       56%          1%          2
 Animate Skeleton         Necr           20%          7%          1
 Corona                   Hex            11%          7%          1
 Summon Small Mammal      Summ           40%          7%          1


Dungeon Overview and Level Annotations

Branches:
Dungeon (11/15)            Temple (1/1) D:5             Orc (0/2) D:10
  IceCv (1/1)
   Lair: D:8-11

Altars:
Ashenzari
Cheibriados
Dithmenos
Elyvilon
Gozag
Hepliaklqana
Kikubaaqudgha
Nemelex Xobeh
Okawaru
Qazlal
Sif Muna
Trog
Uskayaw
Vehumet
Wu Jian
Xom
Yredelemnul
Zin
The Shining One
Lugonu

Portals:
Trove: D:10 (give 14 potions of heal wounds)

Annotations:
D:3 3 runed translucent doors, qqq123's ghost, weakling GrFi IceCv exclusion: ice statue


Innate Abilities, Weirdness & Mutations

You are resistant to torment.
Your stone body is resilient. (AC +8)
You are immune to poison.
You resist negative energy. (rN+)
You are resistant to electric shocks. (rElec)
You can survive without breathing.
You are immune to petrification.
You are immune to miasma.


Message History

You continue taking off your +2 cloak.
The polar bear bites you but does no damage.
The polar bear claws you.
* * * LOW HITPOINT WARNING * * *
The polar bear claws you but does no damage.
You continue taking off your +2 cloak.
The polar bear completely misses you. The polar bear barely misses you.
The polar bear claws you.
* * * LOW HITPOINT WARNING * * *
You continue taking off your +2 cloak.
The polar bear bites you but does no damage.
The polar bear claws you but does no damage.
The polar bear claws you.
* * * LOW HITPOINT WARNING * * *
You finish taking off your +2 cloak.
Okay, then.
The polar bear bites you.
Keep equipping yourself?
You die...
Your body crumbles into a pile of gold.

#$$## #.##
##$# #.####
#.##.##
#..#..####
#.#..8...##
##h##...Y.##
##@##.##..#
########.#
##.###..#
#....#..#
##......##
##..###.(.#
##..#####.##
#...###.###
##..###...##


You could see a polar bear (very poisoned).

Vanquished Creatures
  4 two-headed ogres
  An unseen horror (D:10)
  A centaur zombie (D:10)
  2 polar bears (IceCv)
  2 trolls (D:9)
  14 yaks
  A soldier ant (D:10)
  2 wargs (D:10)
  4 ice beasts
  4 sky beasts
  3 orc warriors
  A black bear (D:8)
  2 ogres
  8 wolves (IceCv)
  5 centaurs
  A big kobold (D:9)
  10 bullfrogs
  A water moccasin zombie (D:10)
  4 scorpions
  8 killer bees (D:10)
  9 wights (D:9)
  A howler monkey (D:3)
  A bullfrog zombie (D:5)
  A quasit (D:8)
  7 hounds
  3 jellies
  3 orc priests
  2 bullfrog skeletons
  A centaur skeleton (D:5)
  An iron imp (D:5)
  10 worker ants
  Terence (D:3)
  4 iguanas
  8 orc wizards
  7 gnolls
  6 adders
  4 shadow imps
  A white imp (D:5)
  2 ufetubi (D:9)
  An ooze (D:2)
  2 worms
  A dart slug (D:1)
  9 leopard geckos
  37 orcs
  2 giant cockroaches
  11 goblins
  9 hobgoblins
  13 jackals
  6 quokkas
  2 ball pythons
  5 bats
  8 frilled lizards
  A jackal skeleton (D:6)
  12 kobolds
  6 rats
275 creatures vanquished.

Vanquished Creatures (others)
  A centaur zombie (D:5)
  A worker ant (D:5)
  An ufetubus (D:5)
  A giant cockroach (D:5)
  A quokka (D:5)
  18 fungi (D:8)
  15 plants
38 creatures vanquished.

Grand Total: 313 creatures vanquished

Notes
Turn   | Place    | Note
-------+----------+-------------------------------------------
     0 | D:1      | thiole the Gargoyle Venom Mage began the quest for the Orb.
     0 | D:1      | Reached XP level 1. HP: 10/10 MP: 3/3
   651 | D:1      | Reached XP level 2. HP: 5/15 MP: 0/5
  1055 | D:1      | Found a broken altar of Ashenzari.
  1473 | D:2      | Reached XP level 3. HP: 15/19 MP: 0/6
  1531 | D:2      | Reached skill level 1 in Fire Magic
  1945 | D:2      | Reached XP level 4. HP: 23/24 MP: 2/7
  1996 | D:2      | Found a white marble altar of Elyvilon.
  2978 | D:3      | Found a runed translucent gate.
  2980 | D:3      | Found a runed translucent gate.
  2981 | D:3      | Found a runed translucent gate.
  3309 | D:3      | Reached XP level 5. HP: 22/28 MP: 3/9
  3380 | D:3      | Noticed qqq123's ghost (weakling GrFi)
  3664 | D:3      | Noticed Terence
  3672 | D:3      | Reached skill level 3 in Spellcasting
  3702 | D:3      | Killed Terence
  3799 | D:3      | Found a faded altar of an unknown god.
  4324 | D:3      | Reached XP level 6. HP: 3/32 MP: 4/11
  4841 | D:4      | Reached skill level 5 in Poison Magic
  4865 | D:5      | Entered Level 5 of the Dungeon
  4883 | D:5      | Reached skill level 4 in Spellcasting
  4883 | D:5      | Reached XP level 7. HP: 15/36 MP: 1/13
  5188 | D:5      | Reached skill level 5 in Stealth
  5315 | D:5      | Found a bloodstained altar of Trog.
  5315 | D:5      | Found a stormy altar of Qazlal.
  5429 | D:5      | Found a glowing golden altar of the Shining One.
  5817 | D:5      | Found a snail-covered altar of Cheibriados.
  5830 | D:5      | Reached skill level 1 in Armour
  5987 | D:5      | Found a staircase to the Ecumenical Temple.
  5994 | D:5      | Reached skill level 1 in Fighting
  6002 | Temple   | Entered the Ecumenical Temple
  6143 | Temple   | Became a worshipper of Gozag Ym Sagoz the Greedy
  6244 | D:6      | Reached XP level 8. HP: 35/43 MP: 7/14
  6402 | D:6      | Learned a level 4 spell: Olgreb's Toxic Radiance
  6406 | D:6      | Learned a level 3 spell: Ignite Poison
  6443 | D:6      | Found a hazy altar of Hepliaklqana.
  6530 | D:6      | Found a shadowy altar of Dithmenos.
  6778 | D:6      | Found a hide-covered altar of Uskayaw.
  6778 | D:6      | Found a shimmering blue altar of Sif Muna.
  6778 | D:6      | Found an iron altar of Okawaru.
  6801 | D:6      | Found a radiant altar of Vehumet.
  6940 | D:6      | Found an ancient bone altar of Kikubaaqudgha.
  6946 | D:6      | Reached skill level 5 in Spellcasting
  7396 | D:6      | Found an ornate altar of the Wu Jian Council.
  7785 | D:7      | Reached skill level 6 in Spellcasting
  7785 | D:7      | Reached XP level 9. HP: 31/51 MP: 9/18
  9268 | D:8      | Reached skill level 7 in Spellcasting
  9449 | D:8      | Noticed a two-headed ogre
  9565 | D:8      | Killed a two-headed ogre
  9566 | D:8      | Reached skill level 5 in Fighting
  9566 | D:8      | Reached skill level 5 in Armour
  9566 | D:8      | Reached XP level 10. HP: 45/59 MP: 4/21
  9878 | D:9      | Reached skill level 8 in Spellcasting
 10482 | D:9      | Noticed a two-headed ogre
 10485 | D:9      | Killed a two-headed ogre
 10486 | D:9      | Reached skill level 9 in Spellcasting
 10863 | D:9      | Noticed a tengu warrior
 10900 | D:10     | Entered Level 10 of the Dungeon
 10915 | D:10     | Learned a level 1 spell: Apportation
 10919 | D:10     | Learned a level 3 spell: Mephitic Cloud
 11074 | D:10     | Killed an unseen horror
 11075 | D:10     | Reached skill level 1 in Evocations
 11075 | D:10     | Reached XP level 11. HP: 64/67 MP: 13/24
 11346 | D:10     | Noticed a two-headed ogre
 11353 | D:10     | Killed a two-headed ogre
 11384 | D:10     | Found a staircase to the Orcish Mines.
 12300 | D:10     | Found a portal to a secret trove of treasure.
 12550 | D:10     | Noticed a two-headed ogre
 12555 | D:10     | Killed a two-headed ogre
 12556 | D:10     | Reached skill level 10 in Spellcasting
 13305 | D:11     | Found a frozen archway.
 13312 | IceCv    | Entered an ice cave
 14114 | IceCv    | HP: 3/68 [yak (11)]
 14207 | IceCv    | HP: 3/68 [polar bear (3)]
 14209 | IceCv    | Slain by a polar bear

Illustrated notes

Levels and vault maps discovered:
D:1:      heliophobic_arrival_dark_side_of_the_moon, layout_rooms,
          serial_forest, infiniplex_forest_corner_1,
          infiniplex_forest_clump_curved, infiniplex_forest_straight_4,
          infiniplex_forest_clump_long, infiniplex_forest_clump_small,
          infiniplex_forest_clump_C, infiniplex_forest_lined_corner,
          infiniplex_forest_clump_medium, infiniplex_forest_clump_medium,
          evilmike_ruin_ashenzari
D:2:      layout_loops_ring, elyvilon_altar_5
D:3:      layout_rooms, chequers_ecumenical_altar_simple_redux,
          ebering_ghost_rock_garden, dk_noncrumbling_2, minmay_between,
          uniq_terence
D:4:      layout_rooms, kennysheep_little_box, serial_shops, shop,
          nicolae_ru_path_of_blood
D:5:      layout_rooms, lemuel_crystal_altar, slow_altar_2,
          chequers_temple_overflow_statue_of_worship,
          minmay_temple_entry_poolview, lemuel_flamethrower_2
D:6:      layout_rooms, grunt_dithmenos_smoke, nzn_wu_jian_council_hall,
          grunt_temple_overflow_cloverleaf, lemuel_crystal_altar,
          old_standard_altar
D:7:      layout_loops_corners, serial_park_tiny_pond
D:8:      layout_basic, grunt_lair_entry_orc_guard_hut, minmay_misc_feat_tiny
D:9:      minmay_the_grid_four_pointed_star_mashed
          [minmay_the_grid_triangle_9x9_zippers_horizontal,
          minmay_the_grid_triangle_9x9_skeleton,
          minmay_the_grid_triangle_9x9_sparse_checkered,
          minmay_the_grid_triangle_9x9_checkered,
          minmay_the_grid_prize_inner_circle], layout_rooms,
          makhleb_grotto_becter, basic_altar
D:10:     layout_loops_corners, erik_orc_3, trove_entry_hex_spiral
D:11:     minmay_goldmine, layout_basic, portal_ice_cave_entry_pillars_2,
          minmay_fire_ice_demons
Temple:   corrupted_temple
IceCv:    ice_cave_caverns_02

Skill      XL: |  1  2  3  4  5  6  7  8  9 10 11 |
---------------+----------------------------------+-----
Fire Magic     | 1 2 |  2.0
Stealth        | 3 4 5 |  5.0
Poison Magic   | 4 5 6 7 8 9 |  9.0
Spellcasting   | 3 4 6 7 9 10 | 10.5
Armour         | 1 3 5 6 8 |  8.1
Fighting       | 1 3 5 7 8 |  8.2
Evocations     | 1 3 |  3.5
Dodging        | |  1.5
Transmutations | |  0.7

Action                   |  1- 3 |  4- 6 |  7- 9 | 10-12 || total
-------------------------+-------+-------+-------+-------++-------
Melee: Unarmed           |    11 |       |       |       ||    11
       Club              |    14 |    53 |    68 |       ||   135
       Staff             |       |       |       |   125 ||   125
       Long sword        |       |       |       |    28 ||    28
 Cast: Sting             |    47 |   158 |   166 |   120 ||   491
       Ignite Poison     |       |       |    27 |    58 ||    85
       Olgreb's Toxic Ra |       |       |    28 |    57 ||    85
Evoke: Wand              |       |       |       |    14 ||    14
       Phial of floods   |       |       |       |     1 ||     1
  Use: Potion            |       |     2 |       |    18 ||    20
       Scroll            |       |       |     1 |    13 ||    14
 Stab: Distracted        |       |       |     2 |       ||     2
       Fleeing           |       |       |       |     1 ||     1
Armor: Robe              |    19 |    75 |   111 |   180 ||   385
       Skin              |       |       |       |     7 ||     7
Dodge: Dodged            |    32 |   129 |   138 |   190 ||   489
       Rpst.: Long sword |       |       |       |     8 ||     8
